 Dungeon Crawl Stone Soup version 0.31-a0-95-g6fa058ef04 (webtiles) character file.

Game seed: 12648664422737787166

1180 greynaab the Trooper (level 8, -11/69 HPs)
             Began as a Demonspawn Monk on May 25, 2023.
             Mangled by a two-headed ogre
             ... wielding a +0 giant club
              (17 damage)
             ... on level 5 of the Dungeon.
             The game lasted 00:09:54 (3686 turns).

greynaab the Trooper (Demonspawn Monk)              Turns: 3686, Time: 00:09:54

Health: -11/69     AC:  8    Str: 13    XL:     8   Next: 18%
Magic:  8/8        EV: 14    Int: 11    God:
Gold:   217        SH:  0    Dex: 20    Spells: 7/7 levels left

rFire   . . .        b - +11 hand axe "Fiez" {freeze, rC+ Dex+3 Stlth+}
rCold   + . .        c - orb {light}
rNeg    + . .        q - +0 ring mail
rPois   .            x - +0 helmet
rElec   .            h - +0 cloak
rCorr   .            (no gloves)
SInv    .            (no boots)
Will    .....        (no amulet)
Stlth   +            i - ring of flight
HPRegen 0.31/turn    w - ring of positive energy
MPRegen 0.11/turn

%: no passive effects
@: flying, glowing
A: rugged brown scales 1, foul stench 1
a: no special abilities


You were on level 5 of the Dungeon.
You visited 1 branch of the dungeon, and saw 5 of its levels.

You collected 217 gold pieces.

Inventory:

Hand Weapons
 a - a +4 short sword
 b - the +11 hand axe "Fiez" (weapon) {freeze, rC+ Dex+3 Stlth+}
   (You found it on level 3 of the Dungeon)

   Dex:       It affects your dexterity (+3).
   rC:        It protects you from cold.
   Stlth:     It makes you more stealthy.
 g - a +1 dagger of protection
Missiles
 n - 8 poisoned darts (quivered)
 p - 4 javelins
Armour
 c - an orb of light (worn)
 h - a +0 cloak (worn)
 j - a +0 buckler
 q - a +0 ring mail (worn)
 v - a +0 scale mail
 x - a +0 helmet (worn)
 F - a +0 kite shield
Jewellery
 i - a ring of flight (left hand)
 w - a ring of positive energy (right hand)
 B - a ring of ice
Wands
 s - a wand of roots (10)
 C - a wand of mindburst (19)
 D - a wand of paralysis (9)
Scrolls
 d - a scroll of teleportation {unknown}
 k - a scroll of vulnerability {unknown}
 l - a scroll of magic mapping {unknown}
 m - 3 scrolls of poison {unknown}
 o - 3 scrolls of identify {unknown}
 r - a scroll of enchant weapon {unknown}
 u - 2 scrolls of noise {unknown}
 y - a scroll of summoning {unknown}
Potions
 e - a potion of invisibility {unknown}
 f - 7 potions of curing {unknown}
 t - a potion of mutation {unknown}
 z - a potion of ambrosia
 A - a potion of heal wounds {unknown}
 E - a potion of enlightenment {unknown}


   Skills:
 + Level 7.2 Fighting
 + Level 6.6 Dodging
 - Level 3.8 Unarmed Combat


You had 7 spell levels left.
You didn't know any spells.
Your spell library contained the following spells:

 Spells                   Type           Power      Damage    Failure   Level
 Freeze                   Ice            0%         1d3       61%         1
 Summon Small Mammal      Summ           0%         N/A       61%         1
 Ensorcelled Hibernation  Hex/Ice        0%         N/A       75%         2
 Passwall                 Tmut/Erth      0%         N/A       75%         2
 Call Canine Familiar     Summ           0%         N/A       93%         3
 Frozen Ramparts          Ice            0%         1d1       93%         3
 Gell's Gravitas          Tloc           0%         N/A       93%         3
 Hailstorm                Conj/Ice       0%         3d3       93%         3
 Portal Projectile        Hex/Tloc       0%         N/A       93%         3
 Summon Guardian Golem    Hex/Summ       0%         N/A       93%         3
 Swiftness                Air            0%         N/A       93%         3
 Teleport Other           Tloc           0%         N/A       93%         3
 Leda's Liquefaction      Hex/Erth       0%         N/A       100%        4
 Freezing Cloud           Conj/Ice/Air   0%         6-21      100%        5
 Irradiate                Conj/Tmut      0%         3d11      100%        5
 Dispersal                Tloc           0%         N/A       100%        6
 Dragon Form              Tmut           0%         N/A       100%        7


Dungeon Overview and Level Annotations

Branches:
Dungeon (5/15) Zot: 26297
 Temple: D:4-7

Altars:
Cheibriados
Kikubaaqudgha
Nemelex Xobeh
Okawaru

Annotations:
D:4 3 runed translucent doors, edwardauron's ghost, amateur DsBe
D:5 1 runed translucent door


Innate Abilities, Weirdness & Mutations

You are partially covered in rugged brown scales. (AC +1, +3% HP)
You may rarely emit foul miasma when damaged in melee.


Message History

Unknown command.
The orc attacks as you move away! The orc hits you with a +0 flail.
You emit a cloud of foul miasma!
The orc is engulfed in dark miasma.
The orc is poisoned.
You kill the orc!
Aiming: Fastroot
Press: ? - help, Shift-Dir - straight line The roots erupt in riotous growth!
Roots grab the two-headed ogre.
Roots grab the orc.
The grasping roots constrict the two-headed ogre.
The grasping roots constrict the orc.
The orc struggles to escape constriction.
The two-headed ogre struggles to escape constriction.
You completely miss the orc.
The grasping roots constrict the two-headed ogre.
The grasping roots constrict the orc!
You kill the orc!
The two-headed ogre escapes!
The orc hits you with a +0 short sword.
You slash the orc! You freeze the orc.
You kill the orc!
Okay, then.
Unknown command.
You hit the two-headed ogre. You freeze the two-headed ogre.
The two-headed ogre is moderately wounded.
The two-headed ogre hits you with a +0 giant club!!
You emit a cloud of foul miasma!
The two-headed ogre barely misses you.
You hit the two-headed ogre. You freeze the two-headed ogre.
The two-headed ogre is moderately wounded.
The two-headed ogre is engulfed in dark miasma.
The two-headed ogre is poisoned.
The two-headed ogre hits you with a +0 giant club!!
* * * LOW HITPOINT WARNING * * *
The two-headed ogre hits you with a +0 giant club!
* * * LOW HITPOINT WARNING * * *
You hit the two-headed ogre. You freeze the two-headed ogre.
The two-headed ogre is heavily wounded.
The two-headed ogre is engulfed in dark miasma.
The two-headed ogre looks even sicker.
The two-headed ogre closely misses you.
The two-headed ogre hits you with a +0 giant club!
You die...

#........... ##.. ..
....<...###+ ##.. ...
#..#....#... #...
.... ..##....#
#..###?...# ..##...##
#........# [.......#
#...)..# ........#
#o.°#.##
........#########Oo##
#
.##.......##....@#.#
.................###
.##.>.........####
........###....#
......#.# ##.###
...#..### #.# ...###
### #.


You could see a two-headed ogre (very poisoned), an orc wizard (invisible) and
an orc.

Vanquished Creatures
  Grinder (D:4)
  Duvessa (D:4)
  A black bear (D:5)
  An ice beast (D:5)
  A sky beast (D:5)
  An ogre (D:5)
  A phantom (D:4)
  A scorpion (D:5)
  Dowan (D:4)
  2 hounds (D:5)
  2 orc priests (D:5)
  An iguana (D:4)
  Natasha (D:4)
  2 gnolls (D:5)
  8 adders
  A white imp (D:3)
  3 worms
  A dart slug (D:3)
  9 orcs
  6 ball pythons
  5 endoplasms
  6 goblins
  5 hobgoblins
  4 jackals (D:1)
  2 quokkas
  7 bats
  5 frilled lizards
  6 kobolds
  6 rats
91 creatures vanquished.

Notes
Turn   | Place    | Note
-------+----------+-------------------------------------------
     0 | D:1      | greynaab the Demonspawn Monk began the quest for the Orb.
     0 | D:1      | Reached XP level 1. HP: 18/18 MP: 1/1
   112 | D:1      | Gained mutation: You are partially covered in rugged brown
                  | scales. (AC +1, +3% HP) [demonic ancestry]
   112 | D:1      | Reached XP level 2. HP: 18/24 MP: 2/2
   714 | D:2      | Reached XP level 3. HP: 29/29 MP: 3/3
  1059 | D:2      | Reached XP level 4. HP: 38/38 MP: 4/4
  1772 | D:3      | Reached skill level 4 in Fighting
  2214 | D:3      | Gained mutation: You may rarely emit foul miasma when
                  | damaged in melee. [demonic ancestry]
  2214 | D:3      | Reached XP level 5. HP: 43/43 MP: 5/5
  2225 | D:3      | Identified the +11 hand axe "Fiez" {freeze, rC+ Dex+3
                  | Stlth+}
  2396 | D:4      | Noticed Duvessa
  2396 | D:4      | Noticed Dowan
  2516 | D:4      | Killed Duvessa
  2572 | D:4      | Killed Dowan
  2573 | D:4      | Reached XP level 6. HP: 43/51 MP: 6/6
  2646 | D:4      | Found a sparkling altar of Nemelex Xobeh.
  2650 | D:4      | Found a snail-covered altar of Cheibriados.
  2652 | D:4      | Found an iron altar of Okawaru.
  2658 | D:4      | Found an ancient bone altar of Kikubaaqudgha.
  2779 | D:4      | Got the Grimoire of the Inconstant Snowflakes
  2802 | D:4      | Reached skill level 5 in Fighting
  2824 | D:4      | Noticed Grinder
  2843 | D:4      | Killed Grinder
  2844 | D:4      | Reached skill level 5 in Dodging
  2844 | D:4      | Reached XP level 7. HP: 34/58 MP: 7/7
  3030 | D:4      | Noticed Natasha
  3037 | D:4      | Killed Natasha
  3060 | D:4      | Found a runed translucent gate.
  3061 | D:4      | Found a runed translucent gate.
  3062 | D:4      | Found a runed translucent gate.
  3062 | D:4      | Noticed edwardauron's ghost (amateur DsBe)
  3065 | D:4      | Identified the +2 dagger "Karev" {vamp, rPois Str-4 Int-2
                  | SInv}
  3318 | D:5      | Entered Level 5 of the Dungeon
  3338 | D:5      | Reached skill level 6 in Fighting
  3528 | D:5      | Reached XP level 8. HP: 61/66 MP: 8/8
  3568 | D:5      | Reached skill level 7 in Fighting
  3645 | D:5      | Found a runed translucent gate.
  3676 | D:5      | Noticed a two-headed ogre
  3686 | D:5      | Mangled by a two-headed ogre

Illustrated notes

Levels and vault maps discovered:
D:1:      minmay_arrival_diagonal_passages, layout_basic
D:2:      layout_basic
D:3:      layout_basic, st_stairs_4, hangedman_decor_slide_cut, chequers_garden
D:4:      layout_loops_ring, nicolae_overflow_hallway_of_the_gods,
          biasface_ghost_orc_armoury, uniq_duvessa, uniq_natasha, uniq_grinder
D:5:      layout_cave_pools, general_overflow_altar, serial_gnoll_camp,
          gnoll_camp_mini_loothouse, gnoll_camp_mini_hut, gnoll_camp_mini_shop,
          gnoll_camp_mini_shop, gammafunk_ghost_necromancy

Skill      XL: |  1  2  3  4  5  6  7  8 |
---------------+-------------------------+-----
Unarmed Combat | 3 |  3.8
Dodging        | 3 4 5 6 |  6.6
Fighting       | 4 5 6 7 |  7.2

Action                     |  1- 3 |  4- 6 |  7- 9 || total
---------------------------+-------+-------+-------++-------
  Melee: Unarmed           |    26 |       |       ||    26
         Short sword       |    83 |    62 |       ||   145
         Hand axe          |       |    23 |    42 ||    65
  Throw: Dart              |       |    10 |       ||    10
  Evoke: Wand              |       |       |     1 ||     1
 Armour: Leather armour    |    29 |       |       ||    29
         Ring mail         |    21 |    27 |    16 ||    64
  Dodge: Dodged            |    60 |    40 |    27 ||   127

Table legend: (Time is in decaauts)
 A = Elapsed time spent in this place.
 B = Non-inter-level travel time spent in this place.
 C = Inter-level travel time spent in this place.
 D = Time resting spent in this place.
 E = Time spent auto-exploring this place.
 F = Levels seen in this place.
 G = Mean time per level.
                   A        B        C        D        E       F      G
               +--------+--------+--------+--------+--------+-----+--------+
         Total |   3701 |   3533 |    168 |    167 |   2581 |   5 |  740.2 |
       Dungeon |   3701 |   3533 |    168 |    167 |   2581 |   5 |  740.2 |
               +--------+--------+--------+--------+--------+-----+--------+

Top non-repeatable levels by time:
     D:4: 913 daAuts
     D:2: 869 daAuts
     D:3: 865 daAuts
     D:1: 673 daAuts
     D:5: 379 daAuts
